AoeStats
← rodrigoalex3500

Pilgrims

510000366Analyzed
4v4 RM · 4d ago on Sep 29, 2026· 50m 1s· 8 players
Game mode
Random Map
Map size
Large (8 player)
Population
200
Speed
Normal
Resources
Standard
Victory
Conquest
Starting age
Dark Age
Ending age
Imperial Age
RankedLock teamsTeams togetherTeam positionsShared explorationLock speedFull tech treeHidden civsTurbo modeCheats
Victory
Defeat
🇧🇷 Spanish · Brazil
974
+15
🇺🇸 Berbers · United States
909
+18
888
+18
🇹🇼 Varangians · Taiwan
879
+19
🇵🇪 Spanish · Peru
960
-18
🇺🇾 Aztecs · Uruguay
955
-18
🇨🇴 Mongols · Colombia
930
-17
🇨🇱 Malians · Chile
930
-17
Lancelot_
11:42 Loom
13:42 Feudal Age
15:18 Fishing Lines
15:31 Fishing Lines
21:23 Castle Age
19:35 Horse Collar
19:42 Double-Bit Axe
20:50 Gold Mining
22:23 Bow Saw
22:18 Heavy Plow
25:11 Wheelbarrow
27:43 Gold Shaft Mining
26:59 Stone Mining
27:55 Hand Cart
27:53 Gillnets
30:59 Imperial Age
28:43 Forging
28:34 Scale Mail Armor
31:53 Stone Shaft Mining
33:40 Fletching
33:50 Padded Archer Armor
35:18 Ballistics
36:01 Chemistry
37:07 Elite Mangudai
38:47 Conscription
39:49 Leather Archer Armor
39:29 Bodkin Arrow
43:18 Drill
42:59 Nomads
44:42 Iron Casting
45:05 Husbandry
45:16 Bloodlines
44:26 Light Cavalry
47:20 Pikeman
48:22 Hussar
Cucharita
6:04 Loom
13:48 Feudal Age
15:47 Double-Bit Axe
19:50 Castle Age
19:18 Gold Mining
19:33 Horse Collar
23:43 Scale Mail Armor
24:47 Pikeman
25:36 Squires
28:18 Wheelbarrow
29:57 Chain Mail Armor
29:48 Husbandry
31:10 Forging
33:08 Hand Cart
35:58 Bloodlines
36:26 Iron Casting
40:04 Imperial Age
40:27 Masonry
40:39 Ballistics
43:24 Fletching
43:11 Halberdier
Wolf
15:41 Feudal Age
16:38 Man-at-Arms
20:18 Scale Mail Armor
23:38 Castle Age
21:59 Double-Bit Axe
22:27 Horse Collar
24:48 Pikeman
26:06 Heavy Plow
29:57 Town Watch
32:48 Forging
34:05 Squires
39:45 Imperial Age
37:42 Gold Mining
38:43 Wheelbarrow
38:26 Chain Mail Armor
41:24 Gold Shaft Mining
40:53 Eagle Warrior
41:50 Arson
42:00 Loom
rodrigoalex3500
3:35 Loom
11:32 Feudal Age
12:54 Wheelbarrow
12:04 Town Watch
12:07 Double-Bit Axe
12:05 Horse Collar
14:06 Gold Mining
16:08 Stone Mining
21:56 Castle Age
21:38 Stone Mining
22:59 Town Patrol
24:17 Bow Saw
25:26 Heavy Plow
26:04 Gold Shaft Mining
26:04 Stone Shaft Mining
26:23 Hand Cart
28:20 Padded Archer Armor
28:10 Fletching
30:22 Forging
30:13 Scale Mail Armor
30:19 Scale Barding Armor
30:37 Thumb Ring
31:26 Stone Shaft Mining
32:13 Ballistics
33:10 Iron Casting
32:50 Leather Archer Armor
32:51 Chain Mail Armor
35:33 Squires
35:18 Arson
34:53 Pikeman
38:57 Imperial Age
39:52 Chain Barding Armor
39:48 Chain Mail Armor
39:28 Bodkin Arrow
41:04 Chemistry
40:24 Elite Skirmisher
41:41 Plate Mail Armor
41:42 Ring Archer Armor
42:25 Crop Rotation
41:27 Elite Gbeto
42:04 Heavy Cavalry Archer
43:20 Ring Archer Armor
43:25 Plate Barding Armor
Quack Y Attack
4:46 Loom
7:59 Loom
10:26 Feudal Age
14:21 Castle Age
12:35 Double-Bit Axe
14:35 Scale Barding Armor
14:42 Stone Mining
15:16 Horse Collar
24:21 Wheelbarrow
24:04 Bloodlines
24:24 Bow Saw
24:57 Husbandry
25:45 Gold Mining
28:40 Imperial Age
26:59 Hand Cart
27:22 Town Watch
27:36 Fletching
29:09 Forging
28:56 Bodkin Arrow
29:02 Padded Archer Armor
29:31 Heavy Plow
30:57 Maghrebi Camels
31:01 Kasbah
31:38 Bracer
31:55 Leather Archer Armor
32:06 Town Patrol
31:39 Elite Camel Archer
35:18 Ballistics
37:03 Chemistry
39:00 Ring Archer Armor
39:07 Light Cavalry
40:49 Hoardings
40:35 Conscription
46:13 Hussar
47:36 Gold Shaft Mining
Zap!
11:28 Feudal Age
9:43 Loom
16:59 Castle Age
19:13 Forging
18:53 Fletching
21:11 Bloodlines
23:13 Scale Barding Armor
23:00 Horse Collar
23:44 Double-Bit Axe
25:11 Wheelbarrow
24:55 Husbandry
26:35 Hand Cart
28:27 Iron Casting
28:13 Chain Barding Armor
28:52 Town Watch
32:47 Imperial Age
31:23 Bodkin Arrow
32:22 Gold Mining
32:46 Bow Saw
32:46 Heavy Plow
33:04 Masonry
33:39 Cavalier
35:55 Ballistics
38:04 Blast Furnace
38:26 Sanctity
42:47 Plate Barding Armor
43:39 Conscription
46:28 Bracer
46:29 Paladin
48:03 Stone Mining
make wall ,door and market well?
FAKEDICK
13:21 Feudal Age
16:24 Fishing Lines
18:49 Castle Age
16:47 Double-Bit Axe
19:16 Gold Mining
19:09 Horse Collar
19:59 Bow Saw
20:03 Gillnets
21:55 Husbandry
22:49 Bloodlines
22:30 Town Watch
23:21 Wheelbarrow
23:50 Town Patrol
26:34 Medium Warships
27:40 Scale Barding Armor
27:46 Forging
28:01 Hand Cart
30:35 Stone Mining
31:10 Chain Barding Armor
31:25 Iron Casting
30:40 Fletching
32:58 Squires
32:45 Arson
37:02 Imperial Age
35:10 Vendel Legacy
35:56 Gambesons
38:08 Conscription
38:15 Conscription
38:39 Heavy Plow
39:43 Elite Varangian Guard
40:27 Scale Mail Armor
40:55 Treadmill Crane
42:16 Chemistry
41:37 Ballistics
40:54 Elite Jarl
42:24 Chain Mail Armor
43:37 Two-Man Saw
43:12 Crop Rotation
48:34 Bodkin Arrow
49:39 Blast Furnace
49:15 Plate Barding Armor
48:41 Padded Archer Armor
48:40 Murder Holes
Connection lost

Rejoining the realm…

Still unreachable

The connection could not be restored.

Session expired

The server has moved on; the page needs a fresh start.